[Event "Slovakia Open 2022"]
[Site "Bratislava"]
[Date "2022.10.01"]
[Round "5.5"]
[White "Pasti, Aron"]
[Black "Leniart, Arkadiusz"]
[Result "0-1"]
[ECO "C88"]
[WhiteElo "2350"]
[BlackElo "2479"]
[Annotator "TA"]
[PlyCount "84"]
[EventDate "2022.09.30"]
[EventCountry "SVK"]
[SourceTitle "playchess.com"]
[Source "ChessBase"]
[SourceQuality "1"]
[TimeControl "2700+10"]

1. e4 e5 2. Nf3 Nc6 3. Bb5 a6 4. Ba4 Nf6 5. O-O Be7 6. Re1 b5 7. Bb3 O-O 8. a4 Bb7 9. Nc3 Na5 10. Ba2 b4 11. Nd5 b3 {[%emt 0:00:53] C88: Closed Ruy Lopez: Anti-Marshall Systems.} 12. Nxf6+ ({Better is} 12. Nxe7+ $14 Qxe7 13. cxb3) 12... Bxf6 $11 13. cxb3 Nc6 {[%emt 0:03:56] [#] Against d4. The position is equal.} (13... d5 $5 14. d4 Nc6 $11) 14. b4 $146 (14. d4 $1 $14) ({Predecessor:} 14. d3 Qe7 15. Bd2 a5 16. Rc1 Rfc8 17. Bb1 Ba6 18. d4 Bb7 19. dxe5 Nxe5 20. Nd4 {1-0 (62) Aizenberg,B (2279)-Koelle,T (2340) Tornelo INT 2020}) 14... Nxb4 15. d4 d6 ({But not} 15... Nxa2 16. dxe5 Nxc1 17. exf6 $11) (15... exd4 {keeps more tension.} 16. e5 Nxa2 17. exf6 Nxc1 18. fxg7 Re8) 16. Bb3 a5 ({Black should try} 16... exd4 $15 17. Nxd4 Re8) 17. d5 c6 18. Bd2 Qb6 19. Be3 Qa6 20. dxc6 Qxc6 21. Rc1 Qxe4 22. Rc7 (22. Bd2 $1 $11 {remains equal.} Qg4 23. h3 Bxf3 24. hxg4 Bxd1 25. Rcxd1) 22... Bd5 $1 $17 23. Bc4 $2 Bxc4 $19 24. Nd2 Qc2 25. Nxc4 $2 {[%emt 0:00:22] [#]} (25. Rxc4 Qxd1 26. Rxd1) 25... d5 $2 (25... Bd8 $1 $19 {is more deadly.} 26. Qxc2 Nxc2) 26. Qxc2 $17 Nxc2 27. Rc1 {[%emt 0:00:46] And now Nb6 would win.} Nxe3 ({Much worse is} 27... dxc4 $6 28. Rxc2 Rfb8 29. R7xc4 $11 (29. R2xc4 Bd8 $11)) 28. Nxe3 Rfd8 29. R7c5 d4 30. Nc4 e4 31. Nxa5 d3 {[%emt 0:00:17] White must now prevent ...Bd4.} 32. b4 {[%emt 0:00:02] [#]} (32. Nc6 $17 {was the only chance.} Rd6 33. b3) 32... Bd4 $1 $19 33. R5c4 e3 34. fxe3 (34. Kf1 {was the crucial defense.} e2+ 35. Ke1) 34... Bxe3+ 35. Kf1 Bxc1 36. Rxc1 {[%emt 0:00:00][%mdl 4096] Endgame KRR-KRN} Kf8 37. Kf2 Rd5 {[%emt 0:01:09] aiming for ...Re8.} 38. Ke3 (38. Rd1 $19) 38... d2 39. Rd1 Re8+ 40. Kf2 {[%emt 0:00:01] Black is clearly winning.} Rf5+ 41. Kg3 Re3+ 42. Kg4 Rd5 {[%emt 0:00:16] Weighted Error Value: White=0.73/Black=0.26 (precise)} 0-1

[Event "Slovakia Open 2022"]
[Site "Bratislava"]
[Date "2022.10.01"]
[Round "5.6"]
[White "Mikrut, Dariusz"]
[Black "Stevik, Patrik"]
[Result "1/2-1/2"]
[ECO "D55"]
[WhiteElo "2316"]
[BlackElo "2148"]
[Annotator "TA"]
[PlyCount "51"]
[EventDate "2022.09.30"]
[EventCountry "SVK"]
[SourceTitle "playchess.com"]
[Source "ChessBase"]
[SourceQuality "1"]
[TimeControl "2700+10"]

1. d4 Nf6 2. c4 e6 3. Nf3 d5 4. Bg5 Be7 5. Nc3 O-O 6. e3 a6 7. Rc1 {[%emt 0:00:15] D55: Queen's Gambit Declined: 4 Bg5 Be7: Lines without ...h6 and 6...h6 7 Bxf6.} dxc4 8. Bxc4 b5 (8... Nbd7 $11 {keeps the balance.}) 9. Bd3 {[%emt 0:00:01] White is more active. White is better.} Bb7 {[%emt 0:00:05] Against Ne4} 10. Bxf6 Bxf6 11. Ne4 (11. Qc2 $5 ) 11... Nd7 12. a4 (12. Nxf6+ $14 Nxf6 13. O-O) 12... Be7 $11 13. O-O {[%emt 0:00:09] [#]} Rc8 $146 ({Predecessor:} 13... b4 14. Qc2 Rc8 15. Nc5 Nxc5 16. dxc5 Bxf3 17. gxf3 g6 18. Bxa6 Ra8 19. Bb5 Qd5 {1-0 (38) Limon Olmos,I (2106)-Salazar Moreno,R (1778) Mexico City 2022}) 14. axb5 axb5 15. Qb3 b4 16. Rfd1 Bd5 {[%emt 0:01:48] This bishop pair is nice.} 17. Qc2 c5 $1 18. Nxc5 Nxc5 19. dxc5 Rxc5 20. Qb1 Rxc1 21. Qxc1 Qa8 22. Ne1 Bf6 23. Qd2 Qb7 24. Qe2 Qc7 25. Bb1 g6 26. Qd2 {[%emt 0:02:50] Weighted Error Value: White=0.14 (very precise) /Black=0.07 (flawless)} 1/2-1/2

[Event "Slovakia Open 2022"]
[Site "Bratislava"]
[Date "2022.10.01"]
[Round "5.7"]
[White "Novosadova, Kristyna"]
[Black "Kukelko, Alexey"]
[Result "1/2-1/2"]
[ECO "B66"]
[WhiteElo "2151"]
[BlackElo "2280"]
[Annotator "TA"]
[PlyCount "92"]
[EventDate "2022.09.30"]
[EventCountry "SVK"]
[SourceTitle "playchess.com"]
[Source "ChessBase"]
[SourceQuality "1"]
[TimeControl "2700+10"]

1. e4 c5 2. Nf3 d6 3. d4 Nf6 4. Nc3 cxd4 5. Nxd4 Nc6 6. Bg5 e6 7. Qd2 a6 8. O-O-O h6 9. Bh4 {[%emt 0:00:12] 9.Nxc6 is setting a new trend.} Nxe4 10. Qf4 Ng5 11. Nxc6 {[%emt 0:00:34] B66: Sicilian: Richter-Rauzer: 7...a6 8 0-0-0 h6.} bxc6 12. Ne4 (12. Qa4 $1 $11 Qb6 13. Bg3) 12... d5 $1 $17 ({Inferior is} 12... e5 13. Qe3 (13. Bxg5 hxg5 14. Qd2 Rh6 $17) 13... Qc7 14. f4 (14. Nxg5 hxg5 15. Qxg5 f6 $15) 14... Nxe4 15. Qxe4 $15) 13. Bxg5 {[%emt 0:02:27] Black is clearly better.} hxg5 14. Nxg5 Qf6 (14... f6 $1 $19 15. Nf3 Bd6) 15. Qxf6 gxf6 16. Nf3 e5 {[%emt 0:00:14][%cal Be6e5,Be5e4][%mdl 32] [#]} 17. Be2 $146 ({Predecessor:} 17. Ng1 Bc5 18. f3 Be3+ 19. Kb1 Bxg1 20. Rxg1 Rxh2 21. Bd3 f5 22. Rde1 e4 23. f4 {0-1 (39) Bildat,J (2240)-Swol,M (2310) Cologne 1995}) 17... Bc5 18. Rdf1 Ke7 19. Ne1 Be6 20. h4 f5 21. Nf3 (21. h5 $17) 21... e4 $1 $19 22. Ng5 (22. Nd2 {keeps fighting.}) 22... Rag8 (22... Bd7 $19 {Threatens to win with ...f6.} 23. f3 Be3+ 24. Kb1 f6) 23. Nxe6 $17 fxe6 ({Not} 23... Kxe6 24. g3 $17) 24. g3 (24. Rh2 $17 {was called for.}) 24... e3 $19 25. fxe3 (25. f4 $142) 25... Bxe3+ 26. Kb1 Rxg3 27. Bxa6 f4 28. a4 e5 29. h5 f3 30. a5 (30. Re1 $142 Bd2 31. Rd1) 30... Kd6 31. Bb7 e4 {[%emt 0:05:43] And now ...Kc7 would win.} 32. b4 f2 {[%emt 0:10:24] Strongly threatening ...Bd4.} 33. Ba6 $2 (33. h6) 33... Bd4 34. Ka2 Rb8 35. Rb1 e3 $2 (35... Rg1 $19 36. c3 Rxh1 37. Rxh1 Bxc3) 36. h6 $2 {[%emt 0:00:12][%mdl 8192] [#]} (36. Be2 $17) 36... Bh8 $2 (36... Rb5 $1 $19 {[%mdl 512] has better winning chances. White must now prevent ...e2.} 37. Bxb5 cxb5) 37. Be2 $17 Kc7 38. h7 {[%emt 0:01:01][%cal Oc2c3] Against Rbg8} Rg5 39. a6 (39. c3 $15) 39... d4 40. Ka3 Kb6 41. Ka4 $2 {[%emt 0:00:14] [#]} ({White should play} 41. Rh6 $1 $15 d3 42. cxd3) 41... Ka7 $2 (41... Ra8 $1 $19 {and Black stays clearly on top.} 42. b5 cxb5+ 43. Bxb5 Ka7) 42. Rh6 {[%emt 0:01:57] [#]} Rb6 ({Better is} 42... Rc8 $1 $19 43. Kb3 Rc7) 43. Re6 $1 $11 {[%emt 0:01:02] The position is equal.} Re5 44. Rxe5 {[%emt 0:00:20] Chess con chili.} Bxe5 45. b5 cxb5+ 46. Rxb5 Rxa6+ {[%emt 0:00:02] Weighted Error Value: White=0.55/Black=0.70} 1/2-1/2

[Event "Slovakia Open 2022"]
[Site "Bratislava"]
[Date "2022.10.01"]
[Round "5.8"]
[White "Slovak, Kilian"]
[Black "Hnatyshyn, Anastasiia"]
[Result "1-0"]
[ECO "B33"]
[WhiteElo "2278"]
[BlackElo "2087"]
[Annotator "TA"]
[PlyCount "59"]
[EventDate "2022.09.30"]
[EventCountry "SVK"]
[SourceTitle "playchess.com"]
[Source "ChessBase"]
[SourceQuality "1"]
[TimeControl "2700+10"]

1. e4 c5 2. Nf3 Nc6 3. d4 cxd4 4. Nxd4 Nf6 5. Nc3 e5 6. Ndb5 d6 7. Bg5 a6 8. Na3 b5 9. Bxf6 gxf6 10. Nd5 f5 11. Bd3 Be6 12. c3 Bg7 $1 13. Nxb5 {[%emt 0:00:04] B33: Sicilian: Pelikan and Sveshnikov Variations.} axb5 14. Bxb5 Bd7 (14... Rc8 $5 ) 15. exf5 {[%emt 0:00:13] The position is equal.} O-O 16. Qg4 {[%emt 0:00:22] Inhibits Qg5. Bxc6 is the strong threat.} Kh8 {[%emt 0:00:46] aiming for ...Ra5.} 17. O-O Rb8 18. a4 Ne7 $2 {[%emt 0:01:56][%mdl 8192] [#]} (18... f6 $14) 19. Qxg7+ $3 $18 {[%emt 0:01:14][%mdl 576] Remove Defender, Decoy} Kxg7 20. f6+ Kh8 21. fxe7 Qc8 (21... Qa5 $142 22. exf8=B (22. Bxd7 Qxd5 23. Rfd1 Qb7 $16) (22. exf8=N Bxb5 23. axb5 Qxb5 $16) 22... Rxf8) 22. exf8=Q+ Qxf8 23. Bxd7 Rxb2 24. a5 Qa8 {[%emt 0:01:33] [#]} 25. a6 $1 {[%emt 0:01:52] [#]} Rb8 $146 (25... Qxd5 26. a7) ({Predecessor:} 25... Qa7 26. Nb4 e4 27. Nc6 Qa8 28. a7 e3 29. Rfb1 {1-0 (28) Mindeguia Guruceaga,J (2199)-Regeling,C Vlissingen 2006}) 26. a7 Rg8 27. c4 Qb7 {[%emt 0:03:47] [#]} 28. g3 $1 Ra8 {[%emt 0:02:30] [#]} 29. Rfb1 $1 Qxd7 (29... Qxa7 30. Rxa7) 30. Rb8+ {[%emt 0:00:03] Weighted Error Value: White=0.12 (very precise) /Black=0.73} 1-0

[Event "Slovakia Open 2022"]
[Site "Bratislava"]
[Date "2022.10.01"]
[Round "5.9"]
[White "Vadila, Ondrej"]
[Black "Yankelevich, Lev"]
[Result "0-1"]
[ECO "B13"]
[WhiteElo "2178"]
[BlackElo "2484"]
[Annotator "TA"]
[PlyCount "74"]
[EventDate "2022.09.30"]
[EventCountry "SVK"]
[SourceTitle "playchess.com"]
[Source "ChessBase"]
[SourceQuality "1"]
[TimeControl "2700+10"]

1. d4 Nf6 2. Bf4 d5 3. e3 c5 4. Nc3 cxd4 5. exd4 Bg4 6. f3 {[%emt 0:02:52] Strongly threatening Nb5. B13: Caro-Kann: Exchange Variation and Panov-Botvinnik Attack.} Bd7 7. Bd3 e6 8. Nge2 {[%emt 0:00:17] The position is equal.} Nc6 {[%emt 0:02:10] [#]} (8... a6 $11) 9. Nb5 $146 {[%emt 0:06:15] Nc7+ is the strong threat.} ({Predecessor:} 9. a3 a6 10. Qd2 Qb6 11. O-O-O Rc8 12. Qe3 Na5 13. g4 Be7 14. h4 O-O 15. h5 {1-0 (24) Jobava,B (2603)-Kosteniuk,A (2474) Chess.com INT 2021}) 9... Rc8 {[%emt 0:00:01] Prevents Nc7+.} 10. Nd6+ $1 Bxd6 11. Bxd6 Ne7 12. O-O (12. Qd2 {looks sharper.} O-O 13. O-O Ne8 14. Ba3) 12... O-O 13. c3 (13. Qd2 {is more complex.} Ne8 14. Ba3 Bc6 15. Qb4) 13... Re8 14. Ng3 Ng6 15. f4 Ne4 16. Nxe4 ({But not} 16. Bxe4 dxe4 17. Qe2 (17. Nxe4 $2 Bc6 $19) 17... a6 $15) 16... dxe4 17. Bxe4 {[%emt 0:00:02] aiming for f5. This bishop pair is nice.} Bb5 $1 18. Ba3 Bxf1 19. Qxf1 Qc7 20. g3 h6 21. Qd3 Nf8 22. Rc1 (22. Qb5 $5 ) 22... Nd7 23. c4 Rcd8 24. Qe3 {[%emt 0:02:26] [#]} (24. Qc3 $11) 24... e5 $1 $17 25. fxe5 Nxe5 26. dxe5 (26. Bd5 {was worth a try.} Ng4 27. Qf4 Qxf4 28. gxf4) 26... Qxe5 $19 27. Re1 {[%emt 0:00:01][%cal Oe4h7] And now Bh7+! would win.} f5 28. Bxb7 Qxe3+ 29. Rxe3 Rxe3 30. Kf2 {[%emt 0:00:28] [#]} Rxa3 {[%emt 0:01:08] Black is clearly winning.} 31. bxa3 {[%emt 0:00:03][%mdl 4096] Endgame KR-KB} Rd3 32. c5 Rc3 33. c6 Kf7 34. Ke2 (34. a4 $142) 34... Ke7 35. Kd2 Rc5 36. Kd3 Kd6 37. h4 Ra5 {[%emt 0:00:11] Weighted Error Value: White=0.54/Black=0.19 (very precise)} 0-1

[Event "Slovakia Open 2022"]
[Site "Bratislava"]
[Date "2022.10.01"]
[Round "5.10"]
[White "Lecky, Juraj"]
[Black "Kushko, Dmitriy"]
[Result "1/2-1/2"]
[ECO "E92"]
[WhiteElo "2070"]
[BlackElo "2302"]
[Annotator "TA"]
[PlyCount "56"]
[EventDate "2022.09.30"]
[EventCountry "SVK"]
[SourceTitle "playchess.com"]
[Source "ChessBase"]
[SourceQuality "1"]
[TimeControl "2700+10"]

1. d4 d6 2. Nf3 g6 3. c4 Bg7 4. Nc3 Nf6 5. e4 O-O 6. Be2 e5 7. Be3 Ng4 8. Bg5 f6 9. Bc1 exd4 {[%emt 0:01:31] has lost popularity (9...Nc6). E92: King's Indian: Classical: 6 Be2 e5: 7 dxe5, 7 Be3 and Petrosian System without 7...Nbd7.} 10. Nxd4 ({Reject} 10. Qxd4 Kh8 $11) 10... f5 11. exf5 $2 {[%emt 0:01:43] [#]} (11. h3 $11 Ne5 12. exf5) 11... Nxf2 $1 $17 {[%emt 0:00:25][%mdl 576] Decoy. Black is clearly better.} 12. Kxf2 Qh4+ 13. g3 Qxd4+ {[%emt 0:00:19] [#]} 14. Be3 $146 (14. Qxd4 $17 Bxd4+ 15. Kg2) ({Predecessor:} 14. Qxd4 Bxd4+ 15. Kg2 Bxc3 16. bxc3 Bxf5 17. Re1 Nd7 18. Bh6 Be4+ 19. Kg1 Rfe8 20. Bg4 {0-1 (45) Kabanov,N (2507)-Schebler,G (2463) Pardubice 2004}) 14... Rxf5+ $19 15. Bf3 Qxd1 16. Rhxd1 Nc6 17. Kg2 {[%emt 0:08:00] [#]} Be6 (17... Rxf3 $1 $19 18. Kxf3 Ne5+ 19. Kg2 Nxc4) 18. Nd5 (18. Be4 $17) 18... Raf8 ({Inferior is} 18... Bxb2 19. Rab1 Rxf3 20. Kxf3 Ne5+ 21. Kg2 Nxc4 22. Bf4 Bxd5+ 23. Rxd5 $17) (18... Rf7 $19 19. c5 Ne5) 19. Nf4 (19. Bg4 $17) 19... Bxc4 20. Rdc1 $2 (20. Rd2) 20... Bxb2 {[%emt 0:01:24] Black is clearly winning.} 21. Rxc4 {[%emt 0:01:07] Black must now prevent Rb1.} Bxa1 22. Be4 Ra5 23. Bd5+ Kh8 24. Nxg6+ hxg6 25. Rh4+ Kg7 26. Bh6+ Kf6 27. Rf4+ Ke5 28. Bxf8 {[%emt 0:00:27] Hoping for Bb3.} Kxd5 {[%emt 0:00:07][%mdl 32768] Weighted Error Value: White=1.04/Black=0.27 (precise) . An unexpected result.} 1/2-1/2

[Event "Slovakia Open 2022"]
[Site "Bratislava"]
[Date "2022.10.01"]
[Round "5.11"]
[White "Rosol, Alexander"]
[Black "Machata, Martin"]
[Result "0-1"]
[ECO "A04"]
[WhiteElo "2041"]
[BlackElo "2212"]
[Annotator "TA"]
[PlyCount "46"]
[EventDate "2022.09.30"]
[EventCountry "SVK"]
[SourceTitle "playchess.com"]
[Source "ChessBase"]
[SourceQuality "1"]
[TimeControl "2700+10"]

1. e4 c5 2. Nf3 g6 3. d3 Bg7 4. g3 Nc6 5. Bg2 d6 6. O-O e5 7. c3 Nge7 8. Nbd2 O-O 9. a4 Rb8 {[%emt 0:00:24] A04: Unusual lines after 1 Nf3 and King's Indian Attack.} 10. Nc4 b6 11. Be3 d5 {[%emt 0:04:35] [#] The position is equal.} 12. exd5 $146 ({Predecessor:} 12. Na3 Ba6 13. Nb5 d4 14. cxd4 cxd4 15. Bd2 h6 16. Ne1 Qd7 17. f4 f5 18. fxe5 Nxe5 {0-1 (31) Poelsterl,H (1927)-Kordts,W (2121) Nuremberg 2006}) 12... Nxd5 13. Bc1 h6 14. Re1 Re8 ({Don't play} 14... Bg4 15. h3 Bxf3 16. Qxf3 $16) 15. Ne3 {[%emt 0:02:05] [#] Black must now prevent Nxd5.} Nde7 {[%emt 0:07:59] Black is more active.} (15... Be6 $15) 16. Nc4 $1 $11 Nd5 17. d4 (17. Ne3 $1 $11 Nxe3 18. Rxe3) 17... cxd4 (17... exd4 {is more complex.} 18. Rxe8+ Qxe8 19. cxd4 Be6) 18. cxd4 ({But not} 18. Nxd4 exd4 19. Rxe8+ Qxe8 $17) 18... exd4 19. Rxe8+ Qxe8 20. Nxd4 $2 {[%emt 0:01:25] [#] Loses the game.} Nxd4 $19 21. Bxd5 Be6 22. Be3 $2 (22. Nd6 {keeps fighting.} Qd7 23. Bxe6 Nxe6 24. Ra3) 22... Bxd5 23. Bxd4 Qe4 {[%emt 0:00:13] Weighted Error Value: White=0.99/Black=0.13 (very precise)} 0-1

[Event "Slovakia Open 2022"]
[Site "Bratislava"]
[Date "2022.10.01"]
[Round "5.12"]
[White "Nestorenko, Dmitry"]
[Black "Mikulas, Dusan"]
[Result "1-0"]
[ECO "B06"]
[WhiteElo "2168"]
[BlackElo "2047"]
[Annotator "TA"]
[PlyCount "59"]
[EventDate "2022.09.30"]
[EventCountry "SVK"]
[SourceTitle "playchess.com"]
[Source "ChessBase"]
[SourceQuality "1"]
[TimeControl "2700+10"]

1. e4 c5 2. c3 d5 3. exd5 Qxd5 4. d4 g6 5. Nf3 Bg7 6. Be2 (6. Na3 $5 ) 6... Nh6 {[%emt 0:01:04] B06: Modern Defence.} 7. dxc5 Qxc5 8. Be3 Qc7 {[%emt 0:00:19] The position is equal.} 9. Na3 {[%emt 0:00:17] Black must now prevent Nb5.} a6 {[%emt 0:00:51] Inhibits Nb5.} 10. Nc4 Nd7 {[%emt 0:00:32] Inhibits Nb6.} 11. Qd2 Nf5 12. Bf4 e5 13. g4 exf4 14. gxf5 O-O {[%emt 0:01:17] [#]} 15. fxg6 $146 (15. Qd6 {feels hotter.} Qc5 16. Qxc5 Nxc5 17. Nd6) ({Predecessor:} 15. Qd6 Qc5 16. Qxc5 Nxc5 17. Nd6 Bd7 18. Nd4 Be5 19. Nc4 Bxd4 20. cxd4 Ne4 21. f3 {0-1 (33) Ljubarov,M (2115)-Matnadze,A (2428) Barbera del Valles 2011}) 15... hxg6 16. O-O-O (16. Qd6 $1 $15 Qc5 17. O-O) 16... b5 $17 17. Nd6 {[%emt 0:00:02] [#]} (17. Qd6 $17 Qa7 18. Ncd2) 17... Nc5 (17... b4 $1 $19 {[%cal Rb4c3] and Black stays clearly on top.} 18. Nxc8 (18. Qxf4 $2 bxc3 19. Qc4 cxb2+ 20. Kb1 Ra7 $19) 18... Nc5) 18. Qxf4 (18. Ng5 $17 Be6 19. Nxe6 Nxe6 20. Bg4) 18... Na4 19. Qd2 (19. Qe3 Be6 20. a3) 19... b4 $19 20. Qc2 Bd7 (20... bxc3 21. Qxa4 Rd8 22. Qc4 Qxd6 23. Rxd6 $17) 21. Bc4 {[%emt 0:00:11] Rhg1 is the strong threat.} bxc3 22. b3 {[%emt 0:03:38] Strongly threatening Rhg1.} (22. Qxg6 $2 cxb2+ 23. Kc2 {[#]} Qxc4+ $3 24. Nxc4 fxg6 $19) 22... Qc5 $2 23. Nxf7 $1 $11 ({Don't go for} 23. bxa4 $2 Qa3+ 24. Kb1 Bxa4 $19) 23... Bf5 {[%emt 0:01:55] This bishop pair is nice.} 24. Nh6+ $1 Kh8 {[%emt 0:00:09] ( -> ...Qa3+)} 25. Nxf5 {[%emt 0:00:06] Really sharp!} Rxf5 26. Nh4 $36 {[%emt 0:01:07][%mdl 2048] White fights for an advantage.} Bh6+ $2 {[%emt 0:02:49][%mdl 8192] A mistake that costs the game.} (26... Rxf2 $2 {leads to mate.} 27. Nxg6+ Kh7 28. Nf8+ Kh8 29. Qh7#) (26... Qa3+ $11 27. Kb1 Rf6) 27. Kb1 $18 Rxf2 28. Nxg6+ {[%emt 0:00:06] White mates.} Kg7 29. Rd7+ Kf6 30. Rf7+ {[%emt 0:00:08] Weighted Error Value: White=0.34/Black=0.54} 1-0

[Event "Slovakia Open 2022"]
[Site "Bratislava"]
[Date "2022.10.01"]
[Round "5.13"]
[White "Nytra, Ondrej"]
[Black "Rakhmangulova, Anastasiya"]
[Result "1-0"]
[ECO "B92"]
[WhiteElo "2233"]
[BlackElo "2244"]
[Annotator "TA"]
[PlyCount "91"]
[EventDate "2022.09.30"]
[EventCountry "SVK"]
[SourceTitle "playchess.com"]
[Source "ChessBase"]
[SourceQuality "1"]
[TimeControl "2700+10"]

1. e4 c5 2. Nf3 d6 3. d4 cxd4 4. Nxd4 Nf6 5. Nc3 a6 6. Be2 e5 7. Nf3 Be7 8. a4 {[%emt 0:00:06] B92: Sicilian Najdorf: 6 Be2.} Be6 9. O-O O-O 10. b3 {[%emt 0:00:16] The position is equal.} Qc7 11. Bb2 Nbd7 {[%emt 0:00:02] [#]} 12. Re1 $146 ({Predecessor:} 12. Nd2 Rfd8 13. Nc4 Nb6 14. Ne3 Rac8 15. Rc1 d5 16. a5 Na8 17. Ncxd5 Bxd5 18. exd5 Qxa5 {0-1 (33) Stochnialek,D (1725)-Szafranski,M (1425) Poznan 2018}) 12... Rac8 13. Bf1 Rfd8 14. Qe2 Nc5 (14... Qa5 $142) 15. Rad1 Bd7 16. Rd2 {[%emt 0:05:27] [#]} (16. Nd2 $11 {keeps the balance.}) 16... Bc6 $1 $17 17. Nd5 Nxd5 (17... Bxd5 $17 18. exd5 Nce4) 18. exd5 $15 Bd7 19. Ba3 b5 20. axb5 axb5 21. Qe3 f5 22. c4 bxc4 23. Bxc4 Bf6 24. Ra2 f4 (24... Ne4 $15) 25. Qxc5 $11 Qxc5 26. Bxc5 Rxc5 27. Nd2 Rc7 28. Ra6 Be7 29. Ne4 Bf5 30. Nc3 Rb7 31. Re2 {[%emt 0:04:28] Inhibits Bc2.} Rc8 {[%emt 0:01:00][%cal Ob7b3] And now ...Rxb3! would win.} 32. f3 Bd3 {[%emt 0:03:05] [#]} (32... g5 $11) 33. Rc6 $1 $16 Ra8 {[%emt 0:01:36][%mdl 8192] Loses the game.} (33... Bf5 $16) 34. Bxd3 $18 Rxb3 35. Bc2 Ra1+ 36. Kf2 Rb8 37. Ne4 Rh1 38. Rd2 Ra8 (38... Bh4+ $142 39. g3 Rxh2+ 40. Kg1 Rxd2) 39. Nxd6 Raa1 (39... Rd8 $142 40. Nf5 Bb4) 40. Rc8+ Bf8 41. Bb3 {[%emt 0:00:42] Hoping for Ne4.} Rhf1+ 42. Ke2 Rfe1+ 43. Kd3 {[%emt 0:00:02] Nf5 is the strong threat.} Re3+ 44. Kc2 {[%emt 0:00:06] Threatens to win with Ne4.} Ra3 45. Bc4 {[%emt 0:01:01] aiming for Ne4.} Ra1 46. Nf5 {[%emt 0:00:12] Weighted Error Value: White=0.13 (very precise) /Black=0.34} 1-0

[Event "Slovakia Open 2022"]
[Site "Bratislava"]
[Date "2022.10.01"]
[Round "5.14"]
[White "Hasala, Richard"]
[Black "Sobek, Michal"]
[Result "0-1"]
[ECO "B34"]
[WhiteElo "1537"]
[BlackElo "2156"]
[Annotator "TA"]
[PlyCount "89"]
[EventDate "2022.09.30"]
[EventCountry "SVK"]
[SourceTitle "playchess.com"]
[Source "ChessBase"]
[SourceQuality "1"]
[TimeControl "2700+10"]

1. e4 c5 2. Nf3 g6 3. d4 cxd4 4. Nxd4 Bg7 5. c3 Nc6 6. Be3 Nf6 7. f3 O-O 8. Be2 {[%emt 0:00:02] B34: Sicilian: Accelerated Dragon with 5 Nc3: sidelines.} d5 9. exd5 (9. Nd2 $11 {keeps the balance.}) 9... Nxd5 $17 10. Bf2 {[%emt 0:00:05] Black is better.} Nf4 11. Nxc6 bxc6 {[%emt 0:00:42] [#]} 12. O-O $146 ({Predecessor:} 12. Nd2 Nxg2+ 13. Kf1 Bh3 14. Kg1 Bh6 15. Nc4 Qxd1+ 16. Rxd1 Rfd8 17. Ra1 Nf4 18. Bf1 {0-1 (40) Reich,C-Schoof,A Baden 1996}) 12... Qxd1 13. Bxd1 Nd3 $1 14. b3 Nxf2 15. Kxf2 Rd8 16. Be2 a5 17. Rc1 Be6 18. f4 a4 19. b4 c5 {[%emt 0:01:41] And now ...cxb4 would win.} 20. b5 Rab8 21. Ke3 Bf5 22. g4 Bc8 {[%emt 0:00:12][%cal Bf5c8,Bc8b7,Bb7d5][%mdl 32] Black is much more active. The white rooks are badly placed. This bishop pair is nice.} 23. Na3 e5 24. fxe5 Bh6+ 25. Kf3 Bb7+ 26. Kg3 $2 (26. Kf2 $17) 26... Bxc1 $19 27. Rxc1 Rd2 28. Bc4 Re8 29. Rf1 Bd5 (29... Rxe5 30. Rxf7 (30. Bxf7+ $2 Kg7 $19) 30... Bd5 31. Rf2 Rxf2 32. Kxf2) (29... Rg2+ $19 30. Kf4 Kg7) 30. Nb1 $2 (30. Bxd5 $11 Rxd5 31. Nc4) 30... Rg2+ 31. Kh3 Bxc4 32. Kxg2 Bxf1+ ({But not} 32... Rxe5 $2 33. Rf4 Bxb5 34. Na3 $19) ({Not} 32... Bxb5 $2 33. Re1 $19) 33. Kxf1 {[%emt 0:00:03][%mdl 4096] Endgame KR-KN} c4 ({Don't go for} 33... Rxe5 $2 34. Kf2 $19) 34. Na3 Rxe5 35. b6 Kf8 36. b7 $2 (36. Kf2 {is the only way for White.}) 36... Re8 37. Nxc4 {[%emt 0:00:02] Hoping for Nb6.} Ke7 38. Na5 Kd6 {[%emt 0:00:18] Prevents Nc6.} 39. Nc4+ Kc7 40. a3 (40. Kf2 $142) 40... Re4 41. Nd6 Kb8 $4 42. Kf2 $4 (42. Nxe4 $18 Kxb7 43. h4) 42... Rxg4 {[%emt 0:00:37] Threatens to win with ...Rf4+.} 43. Nb5 Rd4 $4 44. cxd4 g5 45. Ke3 {[%emt 0:00:00][%mdl 32768] What a bad dream for Black.  Weighted Error Value: White=0.76/Black=0.42. Sensor Board Error (Ke4/e5)?} (45. Nd6 $142 h5 46. Kf3 Kc7 {[#]} 47. Ke4 $1 f6 48. Kf5 $1 h4 49. d5 $1 Kb8 50. Ne4 Kxb7 51. Kxf6) 0-1